Map: Merry Go Round LE

Players

Ashaxyn

  • Race: Zerg Zerg
  • Spawn Location: 1:00

Gracz

  • Race: Protoss Protoss
  • League: Bronze
  • Spawn Location: 11:00

Radeus

  • Race: Zerg Zerg
  • League: Gold
  • Spawn Location: 6:00

VOD

Have the link to the VOD?

Description

Time

  • Played on: Sept. 5, 2016, 2:44 p.m.
  • Length: 9:25
Show
View Real Time Build Order
Export as new Build Order

Ashaxyn Zerg 

Build Orders: Pool First 

Get SALT Encoding   

  12  0:01  Drone  
  13  0:18  Overlord  
  13  0:23  Drone  
  14  0:30  Extractor  
  14  0:31  Drone  
  14  0:38  Drone  
  15  1:26  Spawning Pool  
  10  1:42  Hatchery  
  9  1:50  Drone x3  
  12  2:09  Drone  
  13  2:17  Queen  
  15  2:30  Zergling x2  
  15  2:31  Zergling x2  
  14  3:02  Zergling x8  
  18  3:13  Drone  
  18  3:16  Metabolic Boost  
  19  3:21  Drone  
  19  3:22  Drone  
  21  3:30  Drone  
  22  3:35  Extractor  
  16  3:51  Drone x3  
  16  3:53  Zergling x2  
  19  4:06  Drone x2  
  21  4:21  Drone x3  
  21  4:23  Zergling x2  
  22  4:48  Zergling x12  
  16  5:20  Zergling x6  
  15  5:47  Drone  
  2  8:50  Zergling x4  
  2  8:51  Zergling x2  
Show
View Real Time Build Order
Export as new Build Order

Gracz Protoss 

Build Orders:  

Get SALT Encoding   

  12  0:05  Probe (Chrono Boost)  
  13  0:16  Probe (Chrono Boost)  
  14  0:23  Pylon  
  14  0:27  Probe (Chrono Boost)  
  15  0:42  Probe (Chrono Boost)  
  16  1:36  Probe (Chrono Boost)  
  4  1:47  Probe (Chrono Boost)  
  5  1:57  Probe (Chrono Boost)  
  6  2:08  Probe (Chrono Boost)  
  7  2:19  Probe (Chrono Boost)  
  8  2:29  Probe (Chrono Boost)  
  9  2:38  Assimilator  
  9  2:40  Probe (Chrono Boost)  
  10  2:45  Gateway  
  10  2:50  Probe (Chrono Boost)  
  11  3:01  Probe (Chrono Boost)  
  11  3:11  Probe (Chrono Boost)  
  12  3:33  Probe (Chrono Boost)  
  12  3:43  Probe (Chrono Boost)  
  13  3:54  Probe (Chrono Boost)  
  14  4:04  Probe (Chrono Boost)  
  14  4:09  Zealot  
  17  4:15  Probe (Chrono Boost)  
  17  4:16  Gateway  
  18  4:25  Probe (Chrono Boost)  
  19  4:36  Probe (Chrono Boost)  
  20  4:46  Probe (Chrono Boost)  
  21  4:57  Probe (Chrono Boost)  
  19  5:19  Zealot x2  
  23  5:38  Probe (Chrono Boost)  
  18  5:48  Probe (Chrono Boost)  
  19  5:52  Pylon  
  19  6:26  Gateway  
  19  6:28  Probe (Chrono Boost)  
  19  6:29  Cybernetics Core  
  20  6:39  Probe (Chrono Boost)  
  21  6:49  Probe (Chrono Boost)  
  18  7:18  Warp Gate  
  16  7:41  Gateway  
  16  7:43  Gateway x2  
  7  8:11  Probe (Chrono Boost)  
  8  8:23  Probe (Chrono Boost)  
  9  8:29  Gateway  
  10  8:35  Probe (Chrono Boost)  
  8  8:49  Mothership Core (Chrono Boost)  
  4  9:08  Probe (Chrono Boost)  
Show
View Real Time Build Order
Export as new Build Order

Radeus Zerg 

Build Orders: Pool First 

Get SALT Encoding   

  12  0:02  Drone  
  13  0:08  Drone  
  14  0:23  Extractor x2, Drone x2  
  16  0:36  Spawning Pool  
  16  0:41  Extractor  
  14  0:44  Overlord  
  14  1:07  Drone x3  
  17  1:18  Drone  
  18  1:24  Queen  
  20  1:35  Overlord  
  20  1:42  Zergling x2  
  21  1:52  Zergling x2  
  22  2:06  Zergling x2  
  22  2:07  Metabolic Boost  
  23  2:18  Drone  
  24  2:23  Zergling x2  
  25  2:36  Zergling x6  
  25  3:05  Zergling x10  
  27  3:06  Zergling x2  
  29  3:16  Spine Crawler  
  29  3:19  Spine Crawler  
  27  3:20  Drone  
  27  3:21  Spine Crawler  
  27  3:22  Spine Crawler  
  20  3:53  Zergling x10  
  22  4:22  Queen  
  22  4:24  Overlord x2  
  24  4:25  Zergling x4  
  24  4:26  Zergling x2  
  27  4:37  Zergling x2  
  28  4:39  Overlord  
  28  4:44  Spine Crawler  
  28  4:45  Spine Crawler  
  21  5:08  Drone  
  21  5:09  Drone x3  
  21  5:34  Zergling x4  
  21  5:35  Zergling x4  
  25  5:39  Hatchery  
  24  5:46  Zergling x2  
  24  5:49  Zergling x2  
  26  5:50  Zergling x4  
  17  6:14  Drone  
  18  6:21  Zergling x6  
  19  7:12  Zergling x4  
  19  7:13  Zergling x12  
  22  7:56  Zergling x4  
  22  7:57  Zergling x2  
  18  8:14  Zergling x6  
  18  8:15  Zergling x10  
  18  8:16  Zergling x8  
  27  8:50  Zergling x10  
  27  8:51  Zergling x4  
Tags
 
Add a new tag
Caveats
  • Supply blocks, unpowered buildings, or Contaminate may cause inaccurate times.
  • Supply counts are checked every 10 seconds.